[Event "Titled Tuesday Blitz March 28 Early 2023"]
[White "Davidson, Kevin"]
[Black "Saya, Ethan"]
[WhiteFideId "2056810"]
[BlackFideId "26095181"]
[WhiteElo "2151"]
[BlackElo "2150"]
[Result "1/2-1/2"]
[Round "08"]
[TimeControl "180+2"]
[Date "2023.03.28"]
[WhiteClock "0:00:03"]
[BlackClock "0:00:02"]

1. e4 d5 2. exd5 Qxd5 3. Nc3 Qa5 4. Bc4 Nf6 5. d3 c6 6. Bd2 Qc7 7. f4 Bg4 8. Nf3 e6 9. h3 Bxf3 10. Qxf3 Nbd7 11. g4 O-O-O 12. O-O-O Nb6 13. Bb3 Bd6 14. f5 exf5 15. Qxf5+ Kb8 16. g5 Nfd5 17. Nxd5 Nxd5 18. Bxd5 cxd5 19. Qxd5 Bf4 20. Qf3 Bxd2+ 21. Rxd2 Rhe8 22. Rf1 Rd7 23. Re2 Rxe2 24. Qxe2 a6 25. Qe8+ Ka7 26. Qe3+ b6 27. Re1 Qc6 28. Qe8 a5 29. a3 Qd5 30. Kb1 Rc7 31. Re7 Qh1+ 32. Ka2 Qd5+ 33. c4 Qb7 34. Rxc7 Qxc7 35. h4 Qf4 36. Qd7+ Ka6 37. Qb5+ Ka7 38. h5 Qd6 39. Qf5 Qe7 40. Kb3 g6 41. hxg6 hxg6 42. Qd5 Qc7 43. Kc3 Qe7 44. Kb3 Qc7 45. Ka4 Qe7 46. b4 axb4 47. axb4 Qe8+ 48. Kb3 Qe7 49. c5 Qe3 50. Qd7+ Ka6 51. Qa4+ Kb7 52. Qd7+ Ka6 53. Qc8+ Ka7 54. Qc7+ Ka8 55. Qxb6 Qxd3+ 56. Ka4 Qc2+ 57. Kb5 Qd3+ 58. Kc6 Qe4+ 59. Kc7 Qe7+ 60. Kc6 Qe6+ 61. Kb5 Qe2+ 62. Ka5 Qa2+ 63. Kb5 Qe2+ 64. Kc6 Qe6+ 65. Kc7 Qe7+ 66. Kc8 Qe8+ 67. Qd8 Qc6+ 68. Qc7 Qe8+ 69. Qd8 Qc6+ 70. Qc7 Qe8+ 71. Qd8 1/2-1/2


[Site "https://www.chess.com"]

[Event "Titled Tuesday Blitz March 28 Early 2023"]
[White "Gonzalez, Francisco Silva"]
[Black "Alahakoon, Isuru"]
[WhiteFideId "1512285"]
[BlackFideId "9900993"]
[WhiteElo "2074"]
[BlackElo "1995"]
[Result "1-0"]
[Round "08"]
[TimeControl "180+2"]
[Date "2023.03.28"]
[WhiteClock "0:00:12"]
[BlackClock "0:00:10"]

1. d4 d5 2. c4 e6 3. Nc3 Nf6 4. Bg5 Be7 5. e3 O-O 6. Nf3 Nc6 7. a3 b6 8. b4 dxc4 9. Bxc4 Bb7 10. Qc2 Nd5 11. Bxd5 Bxg5 12. h4 Bf6 13. Be4 h6 14. g4 Be7 15. g5 h5 16. Rd1 Rb8 17. Rg1 Bd6 18. Nb5 Ne7 19. Bxb7 Rxb7 20. Qe4 c6 21. Nc3 a5 22. b5 Bxa3 23. bxc6 Rc7 24. Nb5 Bb4+ 25. Ke2 Rxc6 26. Ne5 Rc8 27. g6 f6 28. Nd3 Qd5 29. Qxd5 Nxd5 30. Nxb4 Nxb4 31. Rc1 Nd5 32. Kd3 Nb4+ 33. Ke2 Rfd8 34. e4 Kf8 35. f4 Ke7 36. Ke3 Nc2+ 37. Kd3 Nb4+ 38. Kd2 Kd7 39. e5 f5 40. Nc3 Rc4 41. Ne2 Rdc8 42. Rxc4 Rxc4 43. Rc1 Rxc1 44. Kxc1 Kc6 45. Kd2 Kd5 46. Ng3 Kxd4 47. Nxh5 Nd5 48. Nxg7 Nxf4 49. h5 Kxe5 50. Nxe6 Kf6 51. Nxf4 Kg5 52. g7 1-0


[Site "https://www.chess.com"]

[Event "Titled Tuesday Blitz March 28 Early 2023"]
[White "Begunov, Konstantin"]
[Black "Thiel, Thomas"]
[WhiteFideId "4118510"]
[BlackFideId "4615964"]
[WhiteElo "2079"]
[BlackElo "2224"]
[Result "1-0"]
[Round "08"]
[TimeControl "180+2"]
[Date "2023.03.28"]
[WhiteClock "0:00:09"]
[BlackClock "0:00:01"]

1. d4 Nf6 2. c4 g6 3. f3 c5 4. dxc5 Na6 5. e4 Nxc5 6. Be3 Qa5+ 7. Nc3 d6 8. a3 Ncd7 9. b4 Qc7 10. Nb5 Qd8 11. Nxa7 Bg7 12. Ra2 O-O 13. Nh3 Nb6 14. Nxc8 Rxc8 15. Qb3 Nfd7 16. a4 Ne5 17. Rc2 Qd7 18. a5 Na8 19. Be2 Nc7 20. O-O Na6 21. Nf4 Bh6 22. Rb1 e6 23. Kh1 Qe7 24. Nh3 Bxe3 25. Qxe3 Nb8 26. Nf2 Nbc6 27. f4 Nd7 28. Rd2 Rfe8 29. Qc3 e5 30. f5 Nd4 31. Rxd4 exd4 32. Qxd4 Ne5 33. Rd1 Red8 34. Ng4 Nxg4 35. Bxg4 Qe5 36. fxg6 Rb8 37. gxf7+ Kxf7 38. Qd2 1-0


[Site "https://www.chess.com"]

[Event "Titled Tuesday Blitz March 28 Early 2023"]
[White "EdmundPlayer"]
[Black "Harriott, Tyrell"]
[BlackFideId "2086484"]
[WhiteElo "2229"]
[BlackElo "2107"]
[Result "1-0"]
[Round "08"]
[TimeControl "180+2"]
[Date "2023.03.28"]
[WhiteClock "0:00:11"]
[BlackClock "0:00:11"]

1. e4 d6 2. d4 Nf6 3. Nc3 Nbd7 4. Nge2 e5 5. h3 Be7 6. g4 h6 7. Be3 c6 8. Bg2 Qc7 9. Ng3 Nf8 10. Qd2 Ng6 11. Nf5 Bxf5 12. exf5 Nh4 13. O-O Nh7 14. dxe5 dxe5 15. Ne4 Ng5 16. Nxg5 hxg5 17. Bxg5 Rd8 18. Qc1 f6 19. Be3 Kf7 20. Qe1 Rh7 21. f4 Rdh8 22. Bh1 exf4 23. Bxf4 Qb6+ 24. Be3 Bc5 25. Bxc5 Qxc5+ 26. Qf2 Qb6 27. Qxb6 axb6 28. Rad1 Re8 29. Rfe1 Rxe1+ 30. Rxe1 Rh8 31. Kf2 Rd8 32. Kg3 g5 33. fxg6+ Nxg6 34. Be4 Ne5 35. Re2 Rd1 36. h4 Rg1+ 37. Bg2 Rb1 38. b3 Ra1 39. a4 Rd1 40. g5 Rd4 41. Rf2 Rg4+ 42. Kh3 Rd4 43. Rxf6+ Kg7 44. Rf2 Ng6 45. h5 Rh4+ 46. Kg3 Rxh5 47. Kg4 Rh4+ 48. Kf5 Rd4 49. Re2 Rf4+ 50. Ke6 Rg4 51. Kd7 Rf4 52. Be4 Rf7+ 53. Kc8 Nf4 54. Rd2 Rf8+ 55. Kxb7 c5 56. Kxb6 c4 57. g6 cxb3 58. cxb3 Rb8+ 59. Kc7 Rxb3 60. Rd7+ Kh6 61. g7 Rg3 62. Bd5 Nxd5+ 63. Rxd5 Rxg7+ 64. Kb6 Rg4 65. a5 Ra4 66. a6 Kg7 67. Ra5 Rb4+ 68. Kc7 Rc4+ 69. Kd7 Rd4+ 70. Kc7 Rc4+ 71. Kb6 Rb4+ 72. Kc5 Rb8 73. a7 Ra8 74. Kb6 Kf7 75. Kb7 Re8 76. a8=Q Rxa8 77. Rxa8 Ke7 78. Rc8 Kd7 79. Rc7+ Kd6 80. Rc6+ Kd5 81. Kc7 Ke5 82. Kd7 Kd5 83. Rh6 Ke5 84. Rh4 Kd5 85. Rh5+ Ke4 86. Ke6 Kd4 87. Rg5 Kc4 88. Kd6 Kd4 89. Rg4+ Ke3 90. Ke5 Kf3 91. Rf4+ Ke3 92. Kf5 Kd3 93. Re4 Kc3 94. Rf4 Kd3 95. Ke5 Kc3 96. Ra4 Kb3 97. Rf4 Kc3 98. Rg4 Kd3 99. Rh4 Ke3 100. Rh3+ Kd2 101. Ke4 Kc2 102. Kd4 Kb2 103. Kc4 Kc2 104. Rh2+ Kd1 105. Kc3 Ke1 106. Rb2 Kd1 107. Ra2 Ke1 108. Kd3 Kf1 109. Ke3 Kg1 110. Kf3 Kh1 111. Kg3 Kg1 112. Ra1# 1-0


[Site "https://www.chess.com"]

[Event "Titled Tuesday Blitz March 28 Early 2023"]
[White "Tarasova, Viktoriya"]
[Black "Torres Dominguez, David"]
[WhiteFideId "4175840"]
[BlackFideId "2220857"]
[WhiteElo "2182"]
[BlackElo "1999"]
[Result "1-0"]
[Round "08"]
[TimeControl "180+2"]
[Date "2023.03.28"]
[WhiteClock "0:01:07"]
[BlackClock "0:00:01"]

1. d4 e5 2. dxe5 d6 3. exd6 Bxd6 4. Nf3 Bg4 5. Nc3 Nc6 6. h3 Bh5 7. e4 Qe7 8. Be2 O-O-O 9. Bd2 Nf6 10. Bd3 Ne5 11. g4 Nfxg4 12. hxg4 Bxg4 13. Be2 h5 14. Nxe5 Bxe2 15. Qxe2 Bxe5 16. O-O-O g5 17. Nd5 Rxd5 18. Rxh5 Rhd8 19. Qg4+ Kb8 20. exd5 a6 21. Rxg5 f6 22. Rg7 Qc5 23. Be3 Qb5 24. c3 Qa5 25. Rg8 Rc8 26. Qxc8# 1-0


[Site "https://www.chess.com"]

[Event "Titled Tuesday Blitz March 28 Early 2023"]
[White "hsd2016"]
[Black "Toktomushev, Teimur"]
[BlackFideId "14176726"]
[WhiteElo "1987"]
[BlackElo "2116"]
[Result "1-0"]
[Round "08"]
[TimeControl "180+2"]
[Date "2023.03.28"]
[WhiteClock "0:01:25"]
[BlackClock "0:00:01"]

1. e4 c5 2. c3 d5 3. exd5 Qxd5 4. d4 Nf6 5. Nf3 e6 6. Na3 Nc6 7. Nb5 Qd8 8. Bf4 Nd5 9. Bg3 a6 10. Na3 cxd4 11. Nxd4 Bxa3 12. Nxc6 bxc6 13. bxa3 Qa5 14. Qd2 Qxa3 15. c4 Nf6 16. Bd6 Qa4 17. Bd3 c5 18. O-O Qc6 19. Be5 Bb7 20. f3 Rd8 21. Qc3 O-O 22. Bxf6 gxf6 23. Be4 Qc7 24. Qxf6 Bxe4 25. fxe4 Rd4 26. Rf3 Rxe4 27. Rg3+ Qxg3 28. hxg3 Rxc4 29. Rf1 Rd4 30. Qe5 1-0


[Site "https://www.chess.com"]

[Event "Titled Tuesday Blitz March 28 Early 2023"]
[White "Zeynalli, Rashad"]
[Black "Larina, Maria"]
[WhiteFideId "13403320"]
[BlackFideId "24113182"]
[WhiteElo "2125"]
[BlackElo "1848"]
[Result "1-0"]
[Round "08"]
[TimeControl "180+2"]
[Date "2023.03.28"]
[WhiteClock "0:01:27"]
[BlackClock "0:01:08"]

1. d4 f5 2. e4 fxe4 3. Nc3 Nf6 4. Bg5 Nc6 5. d5 Ne5 6. Qd4 Nf7 7. h4 c6 8. O-O-O Qb6 9. Bxf6 gxf6 10. Qxe4 Bh6+ 11. Kb1 Nd6 12. Qf3 O-O 13. Bd3 Kh8 14. Qh5 Nf7 15. g4 d6 16. g5 Bg7 17. Qxh7# 1-0


[Site "https://www.chess.com"]

[Event "Titled Tuesday Blitz March 28 Early 2023"]
[White "Yelisieiev, Yevhenii"]
[Black "Schut, Han"]
[WhiteFideId "14139642"]
[BlackFideId "1005561"]
[WhiteElo "2447"]
[BlackElo "2024"]
[Result "1-0"]
[Round "08"]
[TimeControl "180+2"]
[Date "2023.03.28"]
[WhiteClock "0:01:12"]
[BlackClock "0:00:05"]

1. d4 Nf6 2. Nf3 g6 3. g3 Bg7 4. Bg2 O-O 5. O-O d5 6. c3 c5 7. dxc5 Ne4 8. Ng5 Nxg5 9. Bxg5 Be6 10. Qb3 Qd7 11. Rd1 d4 12. Qxb7 dxc3 13. Nxc3 Qxb7 14. Bxb7 Nd7 15. Bxe7 Rfc8 16. Bxa8 Rxa8 17. c6 Nb6 18. Rd8+ Rxd8 19. Bxd8 Nc4 20. Nb5 Nxb2 21. Nxa7 Na4 22. Rc1 Bd4 23. Nb5 Bb6 24. Bxb6 Nxb6 25. c7 Nc8 26. a4 Kf8 27. a5 Ke8 28. a6 Kd7 29. a7 Bd5 30. Rd1 Kc6 31. a8=Q+ 1-0


[Site "https://www.chess.com"]

[Event "Titled Tuesday Blitz March 28 Early 2023"]
[White "Floresvillar Gonzalez, Luis Migu"]
[Black "Kozin, Yuri"]
[WhiteFideId "5100542"]
[BlackFideId "4129920"]
[WhiteElo "2040"]
[BlackElo "2494"]
[Result "0-1"]
[Round "08"]
[TimeControl "180+2"]
[Date "2023.03.28"]
[WhiteClock "0:00:01"]
[BlackClock "0:00:10"]

1. d4 d5 2. c3 Nf6 3. Bf4 e6 4. Nd2 Bd6 5. e3 Bxf4 6. exf4 O-O 7. Ngf3 b6 8. Bd3 Ba6 9. Bxa6 Nxa6 10. O-O c5 11. Ne5 cxd4 12. cxd4 Nd7 13. Rc1 Nxe5 14. fxe5 Nb4 15. a3 Nd3 16. Rc2 Nf4 17. Qf3 Ng6 18. Rfc1 Qh4 19. Qe3 h6 20. Nf3 Qh5 21. h3 Nh4 22. Nxh4 Qxh4 23. Rc7 a6 24. R1c6 b5 25. Qc3 Qe4 26. Rb7 Qe2 27. Qe3 Qxb2 28. Rcc7 Qb1+ 29. Kh2 Rab8 30. Ra7 b4 31. axb4 Rxb4 32. Qf3 Qg6 33. Rxa6 Rxd4 34. Raa7 Re4 35. Qc3 Qf5 36. Qg3 Qxe5 37. Qxe5 Rxe5 38. Re7 Rf5 39. f3 h5 40. Rad7 Rc8 41. h4 Rc2 42. Kh3 Rc4 43. Rd8+ Kh7 44. Rdd7 Kg6 45. Rd8 Rff4 46. Rdd7 Rxh4+ 47. Kg3 Rhf4 0-1


[Site "https://www.chess.com"]

[Event "Titled Tuesday Blitz March 28 Early 2023"]
[White "Abrosimov, Vladimir"]
[Black "Tanmay Jain"]
[WhiteFideId "4166892"]
[BlackFideId "45015481"]
[WhiteElo "2336"]
[BlackElo "2032"]
[Result "0-1"]
[Round "08"]
[TimeControl "180+2"]
[Date "2023.03.28"]
[WhiteClock "0:01:50"]
[BlackClock "0:01:38"]

1. c4 e6 2. Nc3 d5 3. cxd5 exd5 4. d4 Nf6 5. Nf3 Bd6 6. Bg5 c6 7. e3 O-O 8. Qc2 Bg4 9. Be2 Bh5 10. O-O Nbd7 11. Bd3 Bg6 12. Bxg6 fxg6 13. a3 h6 14. Bh4 g5 15. Bg3 Bxg3 16. hxg3 Qe7 17. b4 Ng4 18. Na4 Qf7 19. Nc5 Qh5 20. Rfd1 Nxc5 21. bxc5 Rxf3 22. gxf3 Qh2+ 23. Kf1 Nxe3+ 24. fxe3 Qxc2 25. Rab1 Rf8 26. f4 gxf4 27. gxf4 g5 28. Re1 gxf4 29. e4 f3 0-1


[Site "https://www.chess.com"]

[Event "Titled Tuesday Blitz March 28 Early 2023"]
[White "Simonovic, Miroslav"]
[Black "Nguyen Hong Nhung"]
[WhiteFideId "919152"]
[BlackFideId "12412201"]
[WhiteElo "2042"]
[BlackElo "1904"]
[Result "0-1"]
[Round "08"]
[TimeControl "180+2"]
[Date "2023.03.28"]
[WhiteClock "0:00:07"]
[BlackClock "0:00:31"]

1. d4 f5 2. Bg5 g6 3. h4 Bg7 4. e3 h6 5. Bf4 Nf6 6. Bd3 d6 7. Nf3 O-O 8. c3 Nc6 9. Nbd2 Qe8 10. Bc4+ Kh8 11. d5 Na5 12. Qe2 e5 13. dxe6 Bxe6 14. O-O-O Nxc4 15. Nxc4 Qa4 16. b3 Bxc4 17. Qxc4 Qxa2 18. Nd4 Ne4 19. Rhf1 c5 20. Ne2 b5 21. Qd3 Qxb3 22. Qc2 Qa3+ 23. Qb2 Qa5 24. Kc2 b4 25. Bxd6 Rfd8 26. f3 Nxd6 27. Qb3 bxc3 28. Nxc3 Rab8 0-1


[Site "https://www.chess.com"]

[Event "Titled Tuesday Blitz March 28 Early 2023"]
[White "Vemparala, Nikash"]
[Black "Seletsky, Grigory"]
[WhiteFideId "30960967"]
[BlackFideId "14112191"]
[WhiteElo "2023"]
[BlackElo "2490"]
[Result "0-1"]
[Round "08"]
[TimeControl "180+2"]
[Date "2023.03.28"]
[WhiteClock "0:00:02"]
[BlackClock "0:00:27"]

1. e4 c5 2. Nf3 d6 3. Bb5+ Nc6 4. O-O Bd7 5. Re1 a6 6. Bf1 e5 7. c3 g6 8. d4 Bg7 9. dxc5 dxc5 10. Bg5 Bf6 11. Be3 Be7 12. Na3 b5 13. Nc2 Nf6 14. Bg5 O-O 15. Bxf6 Bxf6 16. Ne3 Be6 17. Nd5 c4 18. a4 Be7 19. axb5 axb5 20. Rxa8 Qxa8 21. Nxe7+ Nxe7 22. Nxe5 Rd8 23. Qf3 Rd2 24. Qf6 Qa7 25. h4 h5 26. Be2 Rxb2 27. Rd1 Qc7 28. Nxg6 Nxg6 29. Rd8+ Kh7 30. Bxh5 Rb1+ 31. Bd1 Rxd1+ 32. Rxd1 Qe5 33. Qf3 Nxh4 34. Qe3 Ng6 35. Rd8 Kg7 36. Qd4 Kf6 0-1


[Site "https://www.chess.com"]

[Event "Titled Tuesday Blitz March 28 Early 2023"]
[White "Georg, Heinz"]
[Black "Lopez, Nelson M, Ii"]
[WhiteFideId "4607295"]
[BlackFideId "2027895"]
[WhiteElo "2235"]
[BlackElo "2377"]
[Result "0-1"]
[Round "08"]
[TimeControl "180+2"]
[Date "2023.03.28"]
[WhiteClock "0:00:01"]
[BlackClock "0:00:11"]

1. e4 e5 2. Nf3 Nc6 3. Nc3 Nf6 4. d4 d6 5. dxe5 dxe5 6. Qxd8+ Kxd8 7. Bb5 Bd6 8. Bg5 Be6 9. O-O-O Ke7 10. Nd5+ Bxd5 11. exd5 a6 12. Bxc6 bxc6 13. dxc6 h6 14. Bxf6+ gxf6 15. Nh4 Ke6 16. g4 h5 17. h3 hxg4 18. hxg4 a5 19. Nf5 Rxh1 20. Rxh1 Ra6 21. Re1 Bc5 22. Ng7+ Kd5 23. Rd1+ Kxc6 24. f3 Ra8 25. Nh5 Be3+ 26. Kb1 Bg5 27. Rd3 Rb8 28. Rc3+ Kd6 29. Ng7 Rb4 30. Nf5+ Kd7 31. a3 Rb6 32. Rd3+ Ke6 33. Rc3 e4 34. fxe4 Ke5 35. Rxc7 Kxe4 36. Rc4+ Kf3 37. Ka2 Bf4 38. Nd4+ Kg2 39. Nc6 Kg3 40. Nxa5 Kxg4 41. b4 Kg3 42. Nc6 Be3 43. a4 f5 44. a5 Ra6 45. b5 Ra8 46. b6 Bxb6 47. Ra4 Be3 48. a6 f4 49. Ne5 f3 50. Ra3 Kf4 51. Nxf3 Kxf3 52. c4 f5 53. c5 f4 54. c6 Kg2 55. a7 Bb6 56. Ra6 Bc7 57. Kb3 f3 58. Ra2+ f2 59. Kc4 Rxa7 60. Rxa7 f1=Q+ 0-1


[Site "https://www.chess.com"]

[Event "Titled Tuesday Blitz March 28 Early 2023"]
[White "Avazkhonov, Alikhon"]
[Black "Adithya A Chullikkad"]
[WhiteFideId "14208504"]
[BlackFideId "45078734"]
[WhiteElo "1739"]
[BlackElo "1984"]
[Result "0-1"]
[Round "08"]
[TimeControl "180+2"]
[Date "2023.03.28"]
[WhiteClock "0:00:59"]
[BlackClock "0:00:20"]

1. d4 d5 2. c4 e6 3. Nc3 Nf6 4. cxd5 exd5 5. Bg5 c6 6. e3 Bf5 7. Qf3 Bg6 8. Bxf6 Qxf6 9. Qxf6 gxf6 10. h4 Nd7 11. h5 Bf5 12. f3 Bb4 13. g4 Be6 14. Bd3 O-O-O 15. Nh3 c5 16. Kd2 cxd4 17. exd4 Nb6 18. Nf4 Nc4+ 19. Kc2 Ne3+ 20. Kb3 Bd6 21. Nxe6 fxe6 22. Nb5 Kb8 23. Rhe1 Bf4 24. a4 e5 25. Nc3 exd4 26. Ne2 Be5 27. f4 Bc7 28. g5 fxg5 29. fxg5 Bb6 30. Rg1 Nc4 31. Nf4 Nd2+ 32. Kc2 Nf3 33. Rg3 Ne5 34. g6 hxg6 35. hxg6 Rhg8 36. g7 Nxd3 37. Kxd3 Bc7 38. Rf1 Rd7 39. Ne6 Bxg3 40. Rf8+ Rd8 41. Re8 Rdxe8 0-1


[Site "https://www.chess.com"]

[Event "Titled Tuesday Blitz March 28 Early 2023"]
[White "Napoli, Nicolo"]
[Black "Silvestre, Christian"]
[WhiteFideId "813702"]
[BlackFideId "30956269"]
[WhiteElo "2308"]
[BlackElo "2368"]
[Result "0-1"]
[Round "08"]
[TimeControl "180+2"]
[Date "2023.03.28"]
[WhiteClock "0:00:04"]
[BlackClock "0:00:25"]

1. e4 e6 2. d4 d5 3. Bd3 Nf6 4. e5 Nfd7 5. c3 b6 6. Nf3 Ba6 7. O-O Bxd3 8. Qxd3 Be7 9. Nbd2 Qc8 10. Re1 c5 11. Nf1 Qa6 12. Qc2 cxd4 13. cxd4 O-O 14. Bg5 Rc8 15. Qb1 Bb4 16. N1d2 Nc6 17. Be3 Na5 18. a3 Bxd2 19. Nxd2 Nc4 20. Nxc4 Rxc4 21. b3 Rc3 22. Qb2 Rac8 23. Rec1 Qd3 24. Rd1 Qb5 25. Rac1 Rxc1 26. Rxc1 Rxc1+ 27. Bxc1 Qd3 28. h3 h5 29. Be3 Nf8 30. b4 Ng6 31. a4 Qd1+ 32. Kh2 Qxa4 33. Qc3 Qd7 34. Bg5 h4 35. Qf3 a5 36. Bd2 a4 37. Qa3 Qc6 38. Be3 b5 39. Bd2 Qc4 40. Bc3 Nf4 41. Qb2 Nd3 42. Qd2 a3 43. g3 a2 44. gxh4 Nxb4 45. Qb2 Nd3 46. Qd2 b4 47. Ba1 b3 48. Qa5 Qc1 49. Qd8+ Kh7 50. Qe7 Qf4+ 51. Kg2 Qxf2+ 52. Kh1 Qf1+ 53. Kh2 Qxa1 54. Qxf7 Qb2+ 55. Kg3 Qf2+ 56. Kg4 Qf5+ 57. Kg3 Qg6+ 58. Kh2 Qxf7 59. h5 b2 60. h6 g5 61. h4 Qf4+ 62. Kg2 b1=Q 63. h5 Kh8 64. Kh3 a1=Q 65. Kg2 Qc2+ 66. Kh3 Qab1 67. h7 Qbc1 68. h6 Qh1# 0-1


[Site "https://www.chess.com"]

[Event "Titled Tuesday Blitz March 28 Early 2023"]
[White "Fernandez Siles, Luis"]
[Black "Sabar, Ethmane Daouda"]
[WhiteFideId "2209420"]
[BlackFideId "19600097"]
[WhiteElo "2186"]
[BlackElo "1950"]
[Result "1-0"]
[Round "08"]
[TimeControl "180+2"]
[Date "2023.03.28"]
[WhiteClock "0:01:49"]
[BlackClock "0:00:55"]

1. e4 c5 2. Nf3 Nc6 3. Bb5 e5 4. c3 d6 5. d4 cxd4 6. cxd4 Bd7 7. Nc3 Nge7 8. O-O a6 9. Bc4 h6 10. Qb3 Qc7 11. Bxf7+ 1-0


[Site "https://www.chess.com"]

[Event "Titled Tuesday Blitz March 28 Early 2023"]
[White "salgadoLO"]
[Black "Estremera Panos, Sergio"]
[BlackFideId "2200864"]
[WhiteElo "2211"]
[BlackElo "2253"]
[Result "1-0"]
[Round "08"]
[TimeControl "180+2"]
[Date "2023.03.28"]
[WhiteClock "0:00:06"]
[BlackClock "0:00:07"]

1. d4 d5 2. c4 e6 3. Nc3 Nf6 4. cxd5 exd5 5. Bg5 c6 6. e3 Bd6 7. Bd3 O-O 8. Nge2 Re8 9. Qc2 h6 10. Bh4 a5 11. Bg3 Na6 12. a3 Nc7 13. O-O Ne6 14. Rae1 Ng5 15. Bxd6 Qxd6 16. Qc1 Nfe4 17. f3 Nf6 18. Bc2 Bd7 19. Qd2 Re7 20. Ng3 Rae8 21. e4 dxe4 22. fxe4 Ng4 23. e5 Rxe5 24. Qf4 R5e6 25. Rxe6 Rxe6 26. Qxg4 Re1 27. Qh4 Rxf1+ 28. Nxf1 Qe7 29. Qf2 Be6 30. h3 b6 31. Qe3 Qf6 32. Nd2 Bf5 33. Bxf5 Qxf5 34. Nde4 g6 35. Nxg5 hxg5 36. Qe5 Qd3 37. Kh2 Qd2 38. Ne4 Qxb2 39. Nf6+ Kf8 40. Nd7+ Kg8 41. Nf6+ Kf8 42. Ne4 Qxa3 43. Nxg5 b5 44. Qf6 Qe7 45. Qh8# 1-0


[Site "https://www.chess.com"]

[Event "Titled Tuesday Blitz March 28 Early 2023"]
[White "Gronnestad, Anita"]
[Black "Fabris, Alberto"]
[WhiteFideId "1502972"]
[BlackFideId "801348"]
[WhiteElo "1939"]
[BlackElo "2201"]
[Result "0-1"]
[Round "08"]
[TimeControl "180+2"]
[Date "2023.03.28"]
[WhiteClock "0:00:01"]
[BlackClock "0:00:22"]

1. d4 Nf6 2. c4 e6 3. Nf3 d5 4. Nc3 c6 5. Bg5 Nbd7 6. e3 Be7 7. Qc2 O-O 8. Rd1 b6 9. a3 Bb7 10. b4 h6 11. Bh4 c5 12. dxc5 bxc5 13. bxc5 Nxc5 14. Be2 Rc8 15. O-O Nce4 16. Qb2 Nxc3 17. Qxc3 Qc7 18. Qb3 dxc4 19. Qa2 Bd5 20. Bg3 Qa5 21. a4 c3 22. Qc2 Be4 23. Bd3 Bxd3 24. Rxd3 Bb4 25. Nd4 Ne4 26. Rb1 Nd2 27. Ra1 e5 28. Nf5 Rfd8 29. Rxd8+ Rxd8 30. Rd1 Qc5 31. e4 a5 32. Ne3 Qd4 33. Nd5 f5 34. h3 fxe4 35. Kh2 Qxd5 36. Re1 Qd3 37. Qc1 c2 38. Re3 Qc4 39. Bxe5 Nb3 40. Rxb3 Qxb3 41. Qf4 Qf7 42. Qg4 c1=Q 43. Bf4 Qcc4 44. h4 Qce6 45. Qg3 Bd6 46. Bxd6 Qxd6 0-1


[Site "https://www.chess.com"]

[Event "Titled Tuesday Blitz March 28 Early 2023"]
[White "Kuchava, Ana"]
[Black "sebastianmarinp"]
[WhiteFideId "13605348"]
[WhiteElo "2001"]
[BlackElo "2305"]
[Result "1/2-1/2"]
[Round "08"]
[TimeControl "180+2"]
[Date "2023.03.28"]
[WhiteClock "0:00:08"]
[BlackClock "0:00:03"]

1. d4 Nf6 2. Nf3 d5 3. c4 c6 4. Qb3 e6 5. Bg5 Be7 6. e3 O-O 7. Nc3 Nbd7 8. Bd3 h6 9. Bh4 dxc4 10. Bxc4 b5 11. Bd3 a6 12. O-O c5 13. Be2 c4 14. Qc2 Bb7 15. Rad1 Rc8 16. a3 Nd5 17. Bg3 N7f6 18. Ne5 Nxc3 19. Qxc3 Ne4 20. Qc2 Bd6 21. Bf3 Nxg3 22. hxg3 Qc7 23. Bxb7 Qxb7 24. Nf3 a5 25. e4 b4 26. axb4 axb4 27. d5 e5 28. Ra1 f6 29. Nh4 Bc5 30. Kh2 Bd4 31. Nf5 b3 32. Qe2 c3 33. Nd6 Qb8 34. Nxc8 cxb2 35. Ne7+ Kf7 36. Rab1 Kxe7 37. Qg4 Kf7 38. Qe6+ Kg6 39. g4 Kh7 40. g3 Rc8 41. Qf5+ Kh8 42. Kg2 Rc2 43. Rh1 Qa7 44. Rhf1 Qc5 45. Qe6 Rc1 46. Qe8+ Kh7 47. Qe6 Rxf1 48. Rxf1 Qc1 49. Qf5+ Kg8 50. Qe6+ Kh7 51. Qf5+ Kg8 52. Qe6+ Kh7 1/2-1/2


[Site "https://www.chess.com"]

[Event "Titled Tuesday Blitz March 28 Early 2023"]
[White "Wilson, Elvin"]
[Black "Bongo Akanga Ndjila, Barthelemy"]
[WhiteFideId "2014874"]
[BlackFideId "10609431"]
[WhiteElo "2289"]
[BlackElo "1768"]
[Result "1-0"]
[Round "08"]
[TimeControl "180+2"]
[Date "2023.03.28"]
[WhiteClock "0:01:04"]
[BlackClock "0:01:18"]

1. c4 e6 2. g3 d5 3. Bg2 Nf6 4. Nf3 Be7 5. O-O O-O 6. b3 c6 7. Bb2 a5 8. d3 b6 9. Qc2 Ba6 10. Nbd2 b5 11. e4 b4 12. e5 Nfd7 13. h4 h6 14. Rae1 Qb6 15. Re2 Nc5 16. Bd4 Nbd7 17. Rfe1 Qc7 18. Nf1 Rac8 19. N1h2 Rfd8 20. Bb2 Nf8 21. Bc1 Ng6 22. h5 Nf8 23. Ng4 dxc4 24. dxc4 Nd3 25. Rf1 Nxc1 26. Qxc1 Bc5 27. Nd2 Bd4 28. Rfe1 Bc3 29. Ne4 Bxe1 30. Rxe1 Kh7 31. Nef6+ gxf6 32. Qxh6+ Kg8 33. Nxf6# 1-0


[Site "https://www.chess.com"]

[Event "Titled Tuesday Blitz March 28 Early 2023"]
[White "Levitan, Caleb Levi"]
[Black "Kornyukov, Alexey"]
[WhiteFideId "14332620"]
[BlackFideId "4150457"]
[WhiteElo "1963"]
[BlackElo "2352"]
[Result "1-0"]
[Round "08"]
[TimeControl "180+2"]
[Date "2023.03.28"]
[WhiteClock "0:01:52"]
[BlackClock "0:01:31"]

1. e4 c5 2. Nf3 Nc6 3. Nc3 e6 4. d4 cxd4 5. Nxd4 d5 6. exd5 exd5 7. Be2 Nf6 8. O-O Be7 9. Be3 O-O 10. h3 Be6 11. Qd2 Nxd4 12. Bxd4 Qd7 13. Rad1 Rfd8 14. Bf3 Rac8 15. Bxa7 Bb4 16. Bd4 Ne4 17. Bxe4 dxe4 18. Qg5 f6 19. Bxf6 1-0


[Site "https://www.chess.com"]

[Event "Titled Tuesday Blitz March 28 Early 2023"]
[White "Bogaudinov, Rushan"]
[Black "dDobravcan"]
[WhiteFideId "4129288"]
[WhiteElo "1949"]
[BlackElo "2154"]
[Result "1-0"]
[Round "08"]
[TimeControl "180+2"]
[Date "2023.03.28"]
[WhiteClock "0:01:52"]
[BlackClock "0:01:13"]

1. d4 d6 2. g3 e5 3. dxe5 dxe5 4. Qxd8+ Kxd8 5. Bg2 c6 6. Nc3 Kc7 7. f4 f6 8. Nf3 Nd7 9. e4 Nh6 10. h3 Nf7 11. Be3 b5 12. O-O-O a5 13. Rd2 a4 14. a3 b4 15. Nb1 Nc5 16. Nh4 Rb8 17. axb4 Rxb4 18. Re1 Be6 19. Nc3 g6 20. f5 g5 21. fxe6 Nd6 22. Nf5 Nxf5 23. exf5 Be7 24. Bxc5 Bxc5 25. Rd7+ Kb6 26. Re4 Bd4 27. Nd1 a3 28. bxa3 Ra4 29. c3 1-0


[Site "https://www.chess.com"]

[Event "Titled Tuesday Blitz March 28 Early 2023"]
[White "Acikel, Mert"]
[Black "Fajdetic, Hrvoje"]
[WhiteFideId "12956465"]
[BlackFideId "14501945"]
[WhiteElo "2097"]
[BlackElo "2185"]
[Result "1/2-1/2"]
[Round "08"]
[TimeControl "180+2"]
[Date "2023.03.28"]
[WhiteClock "0:00:07"]
[BlackClock "0:00:03"]

1. e4 c5 2. Nf3 a6 3. c4 Nc6 4. d4 cxd4 5. Nxd4 g6 6. Nc3 Bg7 7. Be3 d6 8. Be2 Nf6 9. h3 O-O 10. Rc1 Nxd4 11. Bxd4 Be6 12. b3 Nd7 13. Bxg7 Kxg7 14. O-O Qa5 15. Qd4+ f6 16. a4 Rac8 17. Nd5 Bxd5 18. exd5 g5 19. Bg4 Rc7 20. Rfe1 Ne5 21. Be6 b5 22. axb5 axb5 23. c5 Rxc5 24. b4 Rxc1 25. Rxc1 Qa3 26. Rc7 Re8 27. Qb6 Qxb4 28. Qb7 Kf8 29. Rc8 Qe1+ 30. Kh2 Rxc8 31. Qxc8+ Kg7 32. Qg8+ Kh6 33. Qf8+ Kg6 34. Qe8+ Kh6 35. Qf8+ Kg6 36. Qe8+ Kh6 37. Qf8+ 1/2-1/2


[Site "https://www.chess.com"]

[Event "Titled Tuesday Blitz March 28 Early 2023"]
[White "monkins"]
[Black "Sanchez, German"]
[BlackFideId "4403959"]
[WhiteElo "2270"]
[BlackElo "1816"]
[Result "1-0"]
[Round "08"]
[TimeControl "180+2"]
[Date "2023.03.28"]
[WhiteClock "0:01:02"]
[BlackClock "0:00:04"]

1. Nf3 c5 2. c4 d6 3. d4 cxd4 4. Nxd4 Nc6 5. Nc3 Bd7 6. Nc2 Nf6 7. g3 g6 8. Bg2 Bg7 9. O-O h5 10. h3 h4 11. g4 Qc8 12. Ne3 Nxg4 13. Nxg4 Bxg4 14. hxg4 h3 15. Bf3 Ne5 16. Qa4+ Kf8 17. Bf4 Nxg4 18. Nd5 h2+ 19. Kh1 Bd4 20. e3 Be5 21. Rac1 Bxf4 22. Nxf4 1-0


[Site "https://www.chess.com"]